 Dungeon Crawl Stone Soup version 0.29-a0-490-g77b3608 (webtiles) character file.

Game seed: 4687994014871343172

16331 Toastz the Slicer (level 12, -11/81 HPs)
             Began as a Kobold Berserker on May 26, 2022.
             Was an Elder of Trog.
             Mangled by a bog body (23 damage)
             ... on level 3 of the Lair of Beasts.
             The game lasted 00:30:44 (17368 turns).

Toastz the Slicer (Kobold Berserker)               Turns: 17368, Time: 00:30:44

Health: -11/81     AC: 12    Str: 15    XL:     12   Next: 68%
Magic:  12/12      EV: 17    Int:  9    God:    Trog [****..]
Gold:   705        SH: 12    Dex: 18    Spells: 11/11 levels left

rFire   . . .      SeeInvis +   a - +2 rapier (flame)
rCold   . . .      Faith    .   K - +0 kite shield
rNeg    . . .      Spirit   .   F - +0 steam dragon scales
rPois   +          Reflect  .   o - +2 helmet
rElec   .          Harm     .   l - +1 cloak
rCorr   .          Rampage  .   D - +0 pair of gloves
Will    ++...                   (no boots)
Stlth   ++++......              (no amulet)
HPRegen 1.23/turn               M - ring of see invisible
MPRegen 0.13/turn               U - ring of poison resistance

@: strong-willed, regenerating, slowed, very slow
A: small, no large weapons, nightstalker 3
a: Renounce Religion, Berserk, Trog's Hand, Brothers in Arms


You were on level 3 of the Lair of Beasts.
You worshipped Trog.
Trog was greatly pleased with you.
You visited 2 branches of the dungeon, and saw 13 of its levels.
You also visited: Ossuary.

You collected 705 gold pieces.

Inventory:

Hand Weapons
 a - a +2 rapier of flaming (weapon)
 b - a +0 hunting sling
 e - a +2 short sword of speed
 i - a +1 dagger of protection
Missiles
 d - 496 stones
 s - 20 poisoned darts (quivered)
 I - 3 boomerangs
Armour
 l - a +1 cloak (worn)
 o - a +2 helmet (worn)
 t - the +1 robe "Vinecwy" {rElec rC+}
   (You found it on level 3 of the Dungeon)

   rC:        It protects you from cold.
   rElec:     It insulates you from electricity.
 D - a +0 pair of gloves (worn)
 F - +0 steam dragon scales (worn)
 K - a +0 kite shield (worn)
 N - +0 swamp dragon scales
 O - a +0 troll leather armour
 T - the +1 leather armour "Taman" {rElec rPois Str-5}
   (You found it on level 10 of the Dungeon)

   Str:       It affects your strength (-5).
   rElec:     It insulates you from electricity.
   rPois:     It protects you from poison.
Jewellery
 G - an amulet of faith
 M - a ring of see invisible (left hand)
 U - a ring of poison resistance (right hand)
 W - a +4 ring of evasion
Wands
 k - a wand of iceblast (17)
 q - a wand of acid (12)
 E - a wand of charming (7)
 H - a wand of polymorph (8)
 J - a wand of paralysis (11)
 V - a wand of flame (16)
Scrolls
 f - 6 scrolls of fog
 g - a scroll of brand weapon
 h - 2 scrolls of enchant armour {unknown}
 j - 3 scrolls of vulnerability
 n - a scroll of fear
 u - a scroll of immolation
 v - a scroll of poison {unknown}
 w - 2 scrolls of enchant weapon
 y - 3 scrolls of teleportation
 A - 3 scrolls of silence
 B - 2 scrolls of blinking {unknown}
 C - a scroll of acquirement {unknown}
 L - a scroll of magic mapping
 X - a scroll of identify
Potions
 c - 4 potions of attraction
 m - a potion of haste
 p - a potion of mutation {unknown}
 r - a potion of might
 x - 2 potions of resistance {unknown}
 z - 5 potions of curing
 P - a potion of ambrosia {unknown}
 Q - 2 potions of flight {unknown}
 R - a potion of heal wounds
 S - a potion of cancellation {unknown}


   Skills:
 - Level 12.0 Fighting
 - Level 14.0 Short Blades
 - Level 3.0 Armour
 - Level 7.0 Dodging
 - Level 5.0 Stealth
 + Level 9.3 Shields
 + Level 2.3 Evocations


You had 11 spell levels left.
You didn't know any spells.
Your spell library was empty.

Dungeon Overview and Level Annotations

Branches:
Dungeon (10/15)            Temple (0/1) D:4            Lair (3/6) D:9
Ossuary (visited)
  Swamp: Lair:2-4    Shoals: Lair:2-4     Snake: Lair:2-4    Spider: Lair:2-4
    Orc: D:9-12

Altars:
Makhleb
Nemelex Xobeh

Annotations:
D:7 2 transporters, Ozzieoiler's ghost, novice OpEE
Lair:2 3 runed translucent doors, Ina Nas's ghost, journeyman MiHu


Innate Abilities, Weirdness & Mutations

You are small and have problems with some larger weapons.
You are completely attuned to the shadows.


Message History

You block the wolf's attack.
You hit the wolf. You burn the wolf.
The wolf is heavily wounded.
The wolf bites you but does no damage.
You puncture the wolf! You burn the wolf.
You kill the wolf!
Trog accepts your kill.
No target in view!
No target in view!
No target in view!
Key pressed, stopping explore.
A swamp worm comes into view.
You see here a wolf corpse.
You enter the shallow water.
Moving in this stuff is going to be slow.
A bog body comes into view.
You hit the swamp worm but do no damage.
The swamp worm bites you!
Your unstable footing causes you to fumble your attack.
The swamp worm closely misses you.
Your unstable footing causes you to fumble your attack.
The swamp worm bites you!
Your unstable footing causes you to fumble your attack.
The swamp worm bites you but does no damage.
The swamp worm barely misses you.
The bog body points at you and mumbles some strange words.
You feel yourself slow down. The swamp worm misses you.
You puncture the swamp worm! You burn the swamp worm.
The swamp worm is moderately wounded.
The bog body touches you! The bog body freezes you!!
* * * LOW HITPOINT WARNING * * *
The swamp worm closely misses you.
Your skin crawls.
You feel strong-willed. Trog will no longer gift you weapons.
You block the bog body's attack. You block the swamp worm's attack.
The bog body touches you.
* * * LOW HITPOINT WARNING * * *
The bog body freezes you!!
You die...

♣≈.♣≈♣ ♣≈..≈♣ ≈..♣
♣♣wn♣♣ ♣≈@.≈♣
♣≈..≈♣ ##P.♣≈♣.≈♣
.$..♣♣..♣♣
.#....♣..♣
##..#.†♣..♣.
........††⌠⌠...
#..P.P#....#†...#.
.#.P.P.#.#.##...##


You could see a bog body and a swamp worm.

Vanquished Creatures
  A hydra (Lair:2)
  Erica (D:8)
  2 two-headed ogres
  A bog body (Lair:3)
  A cyclops (D:6)
  A rime drake (Lair:1)
  A gargoyle (D:9)
  Maggie (D:8)
  2 komodo dragons
  2 trolls
  Prince Ribbit (D:9)
  Sigmund (D:2)
  2 shadows (D:9)
  A wyvern (Lair:1)
  A wraith (D:10)
  17 yaks
  Grum (D:9)
  3 steam dragons
  A basilisk (Lair:1)
  An acid dragon (D:8)
  3 wargs (D:6)
  5 water moccasins
  8 orc warriors
  2 sky beasts (D:7)
  2 black bears (D:9)
  7 ogres
  8 wolves
  3 centaurs
  2 phantoms
  7 bullfrogs
  2 gnoll sergeants (D:6)
  2 kobold brigands (D:6)
  3 scorpions
  3 wights (D:9)
  5 killer bees (D:10)
  7 howler monkeys
  11 hounds
  2 jellies
  19 orc priests
  Crazy Yiuf (D:2)
  2 gnoll shamans
  An iguana (D:4)
  20 orc wizards
  A mummy (Ossuary)
  Robin (D:2)
  6 gnolls
  9 adders
  A shadow imp (D:6)
  4 white imps
  An ufetubus (D:5)
  A dart slug (D:4)
  45 orcs
  A spectral bat (Ossuary)
  8 endoplasms
  3 giant cockroaches (D:3)
  12 gnoll zombies (Ossuary)
  17 goblins
  13 hobgoblins
  4 jackals
  5 quokkas
  6 ball pythons
  8 bats
  2 bat simulacra (Ossuary)
  2 frilled lizards
  3 goblin simulacra (Ossuary)
  5 goblin zombies (Ossuary)
  5 hobgoblin zombies (Ossuary)
  5 kobolds
  2 kobold simulacra (Ossuary)
  3 kobold zombies (Ossuary)
  5 orc zombies (Ossuary)
  6 rats
  3 rat simulacra (Ossuary)
  7 spectral goblins (Ossuary)
  3 spectral kobolds (Ossuary)
  5 spectral rats (Ossuary)
369 creatures vanquished.

Vanquished Creatures (collateral kills)
  An ogre (D:6)
  Blork the orc (D:6)
  An orc priest (D:6)
  A gnoll (D:6)
4 creatures vanquished.

Vanquished Creatures (others)
  54 fungi
  45 plants
  14 toadstools (Lair:3)
113 creatures vanquished.

Grand Total: 486 creatures vanquished

Notes
Turn   | Place    | Note
-------+----------+-------------------------------------------
     0 | D:1      | Toastz the Kobold Berserker began the quest for the Orb.
     0 | D:1      | Reached XP level 1. HP: 14/14 MP: 1/1
   234 | D:1      | Reached XP level 2. HP: 19/19 MP: 2/2
  1201 | D:2      | Reached XP level 3. HP: 19/23 MP: 3/3
  1435 | D:2      | Reached skill level 5 in Short Blades
  1524 | D:2      | Noticed Robin
  1548 | D:2      | Killed Robin
  1549 | D:2      | Reached XP level 4. HP: 29/29 MP: 4/4
  1553 | D:2      | Reached ** piety under Trog
  1737 | D:2      | Noticed Sigmund
  1745 | D:2      | Killed Sigmund
  1746 | D:2      | Reached skill level 7 in Short Blades
  1746 | D:2      | Reached XP level 5. HP: 34/34 MP: 5/5
  1746 | D:2      | Reached XP level 6. HP: 40/40 MP: 6/6
  2058 | D:2      | Found a runed translucent door.
  2061 | D:2      | Noticed Crazy Yiuf
  2065 | D:2      | Killed Crazy Yiuf
  2451 | D:2      | Reached skill level 5 in Fighting
  3105 | D:3      | Found a burning altar of Makhleb.
  3212 | D:3      | Found a faded altar of an unknown god.
  3282 | D:3      | Identified the +1 robe "Vinecwy" {rElec rC+}
  3529 | D:4      | Noticed an ogre
  3536 | D:4      | Killed an ogre
  3537 | D:4      | Reached skill level 8 in Short Blades
  3537 | D:4      | Reached XP level 7. HP: 42/44 MP: 7/7
  4605 | D:4      | Reached *** piety under Trog
  4606 | D:4      | Reached skill level 9 in Short Blades
  5202 | D:4      | Found a staircase to the Ecumenical Temple.
  5211 | D:5      | Entered Level 5 of the Dungeon
  5252 | D:5      | Found a sand-covered staircase.
  5259 | Ossuary  | Entered an ossuary
  5470 | Ossuary  | Reached **** piety under Trog
  5776 | Ossuary  | Reached XP level 8. HP: 48/48 MP: 8/8
  6166 | D:5      | Reached skill level 10 in Short Blades
  6982 | D:6      | Reached skill level 1 in Stealth
  7308 | D:6      | Reached skill level 11 in Short Blades
  7308 | D:6      | Reached XP level 9. HP: 54/57 MP: 9/9
  7381 | D:6      | Reached ***** piety under Trog
  7433 | D:6      | Reached skill level 12 in Short Blades
  8053 | D:6      | Noticed a cyclops
  8057 | D:6      | Reached skill level 5 in Dodging
  8062 | D:6      | Killed a cyclops
  8075 | D:6      | Reached XP level 10. HP: 68/68 MP: 10/10
  8131 | D:6      | Reached skill level 10 in Fighting
  8140 | D:6      | Noticed Blork the orc
  8142 | D:6      | Killed Blork the orc
  8928 | D:6      | Reached skill level 5 in Stealth
  9511 | D:6      | Reached skill level 1 in Shields
 10150 | D:7      | Found a transporter.
 10513 | D:7      | Noticed a green ugly thing
 10531 | D:7      | Found a transporter.
 10531 | D:7      | Noticed Ozzieoiler's ghost (novice OpEE)
 10878 | D:8      | Noticed Erica
 10895 | D:8      | Killed Erica
 10896 | D:8      | Reached XP level 11. HP: 15/74 MP: 11/11
 11438 | D:8      | Noticed Maggie
 11476 | D:8      | Killed Maggie
 11952 | D:8      | Received a gift from Trog
 12114 | D:8      | Reached skill level 5 in Shields
 12570 | D:9      | Noticed Prince Ribbit
 12583 | D:9      | Killed Prince Ribbit
 12612 | D:9      | Noticed a two-headed ogre
 12658 | D:9      | Killed a two-headed ogre
 12815 | D:9      | Found a staircase to the Lair.
 13539 | D:9      | Noticed Grum
 13544 | D:9      | Killed Grum
 13549 | D:9      | Reached XP level 12. HP: 81/81 MP: 12/12
 13555 | D:9      | Reached skill level 13 in Short Blades
 13889 | D:10     | Entered Level 10 of the Dungeon
 14229 | D:10     | Noticed a two-headed ogre
 14233 | D:10     | Killed a two-headed ogre
 14238 | D:10     | Identified the +1 leather armour "Taman" {rElec rPois
                  | Str-5}
 14303 | D:10     | Found a sparkling altar of Nemelex Xobeh.
 14917 | Lair:1   | Entered Level 1 of the Lair of Beasts
 15427 | Lair:1   | Reached skill level 14 in Short Blades
 15964 | Lair:2   | Noticed a six-headed hydra
 15966 | Lair:2   | Killed a six-headed hydra
 16603 | Lair:2   | Found a runed translucent gate.
 16603 | Lair:2   | Found a runed translucent gate.
 16603 | Lair:2   | Found a runed translucent gate.
 16611 | Lair:2   | Noticed a five-headed hydra
 16746 | Lair:2   | You fall into a shaft and drop 1 floor!
 16910 | Lair:2   | Noticed Ina Nas's ghost (journeyman MiHu)
 17305 | Lair:3   | Reached skill level 1 in Evocations
 17368 | Lair:3   | Mangled by a bog body

Illustrated notes

Levels and vault maps discovered:
D:1:      lemuel_arrival_rhombus, layout_loops_ring
D:2:      minmay_angry_zag, layout_basic, uniq_crazy_yiuf_cottage, uniq_sigmund,
          uniq_robin
D:3:      minmay_wonky_spiral, layout_loops_cross, lightli_temple_of_fire,
          shapermc_ecumenical_altar_acropolis
D:4:      layout_loops_corners, temple_pool_b, dk_rats_in_the_wall
D:5:      layout_loops_ring, lightli_ossuary_entry_decrepit_ruins
D:6:      lemuel_castle_with_subvaults [lemuel_castle_interior_carwin_3],
          layout_gridville, uniq_blork_the_orc
D:7:      layout_gridville, gammafunk_ghost_abyssal_escape,
          hangedman_abyss_or_decor_jellyfish_corner, corexii_leaking_fountain,
          minmay_a_box_with_orc_wizards_in_it
D:8:      layout_basic, sigmund_army, uniq_maggie, uniq_erica
D:9:      layout_rooms, due_lair_maze_entry_diamond, uniq_prince_ribbit1,
          uniq_grum
D:10:     layout_roguey, kennysheep_mini_moat, kennysheep_generic_room_9
Lair:1:   layout_roguey, serial_bayou_shore_a
Lair:2:   layout_loops_ring, gammafunk_ghost_split, serial_bayou_pond_e,
          grunt_megastairs_5
Lair:3:   gammafunk_lair_enchanted_lake, layout_loops_ring,
          nicolae_swamp_entry_splash_gauntlet, nicolae_spider_entry_non_spiders,
          basic_altar

Skill      XL: |  1  2  3  4  5  6  7  8  9 10 11 12 |
---------------+-------------------------------------+-----
Short Blades   | 5 7 8 9 11 12 14 | 14.0
Dodging        | 3 4 5 7 |  7.0
Fighting       | 4 5 6 7 9 11 12 | 12.0
Armour         | 2 3 |  3.0
Stealth        | 2 3 5 |  5.0
Shields        | 3 7 9 |  9.3
Evocations     | 2 |  2.3

Action                   |  1- 3 |  4- 6 |  7- 9 | 10-12 || total
-------------------------+-------+-------+-------+-------++-------
Melee: Short sword       |   113 |   129 |   589 |   464 ||  1295
       Punch             |     1 |     2 |    10 |     3 ||    16
       Rapier            |       |       |       |   421 ||   421
       Unarmed           |       |       |       |     9 ||     9
Throw: Stone             |       |     1 |       |       ||     1
       Dart              |       |       |     3 |     1 ||     4
Invok: Berserk           |     2 |     3 |     5 |    16 ||    26
       Trog's Hand       |       |     1 |       |     4 ||     5
       Brothers in Arms  |       |       |       |     1 ||     1
  Use: Scroll            |       |       |     8 |    10 ||    18
       Potion            |       |       |       |     2 ||     2
 Stab: Sleeping          |     3 |     1 |     6 |    21 ||    31
       Distracted        |       |       |       |     1 ||     1
Armor: Animal skin       |     1 |       |       |       ||     1
       Scale mail        |    57 |    24 |    71 |       ||   152
       Steam dragon scal |       |       |    38 |   160 ||   198
Dodge: Dodged            |    94 |    47 |   194 |   389 ||   724
Block: Kite shield       |       |       |       |   319 ||   319

Table legend: (Time is in decaauts)
 A = Elapsed time spent in this place.
 B = Non-inter-level travel time spent in this place.
 C = Inter-level travel time spent in this place.
 D = Time resting spent in this place.
 E = Time spent auto-exploring this place.
 F = Levels seen in this place.
 G = Mean time per level.
                   A        B        C        D        E       F      G
               +--------+--------+--------+--------+--------+-----+--------+
         Total |  16906 |  16328 |    578 |   4134 |   9645 |  14 | 1207.6 |
       Dungeon |  13918 |  13422 |    496 |   3681 |   7565 |  10 | 1391.8 |
          Lair |   2459 |   2378 |     81 |    452 |   1736 |   3 |  819.7 |
       Ossuary |    529 |    529 |      0 |      0 |    344 |   1 |  529.0 |
               +--------+--------+--------+--------+--------+-----+--------+

Top non-repeatable levels by time:
     D:6: 2309 daAuts
     D:4: 1740 daAuts
     D:8: 1512 daAuts
     D:9: 1481 daAuts
     D:2: 1347 daAuts
  Lair:1: 1338 daAuts
     D:5: 1271 daAuts
     D:7: 1224 daAuts
     D:1: 1174 daAuts
  Lair:2: 1026 daAuts
    D:10: 1000 daAuts
     D:3: 856 daAuts
 Ossuary: 529 daAuts
  Lair:3: 93 daAuts
